HSSL
BISHOP AMAT HS @ MARIS SCHOOL
04/05/2023
 
TOP OF THE 1ST
Bishop Amat HS batting - Pitching for Maris School : RHP Hugh Hale
Pitching: RHP Hugh Hale
Batting: RHB Will David 0-0: Ball
1-0: Foul Ball, location: 2F
1-1: Fly out, F8 (Flyball, 8LM)
Batting: RHB Bartolo Reyes 0-0: Ball
1-0: Ball
2-0: Ball
3-0: Base on Balls
Batting: RHB Ryan Parrish 0-0: Fielders Choice at 2nd, 6-4 (Groundball, 6M)
Batting: RHB Clarence Harrison 0-0: Called Strike
Ryan Parrish steals 2nd base
0-1: Reached on Error, E8 (Flyball, 8RM)
Ryan Parrish scores
Batting: SHB Jimmy Wilson 0-0: Ground out 4-3 (Groundball, 34)
Top of the 1st over - 1 run(s), 0 hit(s), 1 error(s), 1 left on base; Bishop Amat HS 1 - Maris School 0
BOTTOM OF THE 1ST
Maris School batting - Pitching for Bishop Amat HS : RHP Broderick Bower
Pitching: RHP Broderick Bower
Batting: RHB Jason Ward 0-0: Fly out, F2 (Popup, 2R)
Batting: RHB James Everhart 0-0: Called Strike
0-1: Swinging Strike
0-2: Foul Ball, location: 2F
0-2: Strikes out swinging
Batting: LHB Al Gaines 0-0: Swinging Strike
0-1: Ground out 4-3 (Groundball, 4)
Bottom of the 1st over - 0 run(s), 0 hit(s), 0 error(s), 0 left on base; Bishop Amat HS 1 - Maris School 0
TOP OF THE 2ND
Bishop Amat HS batting - Pitching for Maris School : RHP Hugh Hale
Batting: RHB Jim Norris 0-0: Ball
1-0: Ball
2-0: Ball
3-0: Base on Balls
Batting: RHB Javier Castillo 0-0: Called Strike
0-1: Called Strike
Jim Norris is caught stealing 2nd base
0-2: Ground out 6-3 (Groundball, 6)
Batting: SHB Leonardo González 0-0: Ball
1-0: Ball
2-0: Called Strike
2-1: Called Strike
2-2: Ball
3-2: Fly out, F9 (Flyball, 89M)
Top of the 2nd over - 0 run(s), 0 hit(s), 0 error(s), 0 left on base; Bishop Amat HS 1 - Maris School 0
BOTTOM OF THE 2ND
Maris School batting - Pitching for Bishop Amat HS : RHP Broderick Bower
Batting: LHB Denny Poole 0-0: Foul Ball, location: 2F
0-1: Ball
1-1: Ball
2-1: Fly out, F7 (Line Drive, 7S)
Batting: RHB Denis Miller 0-0: Ball
1-0: Ball
2-0: Ball
3-0: Called Strike
3-1: Foul Ball, location: 2F
3-2: Ground out 4-3 (Groundball, 4)
Batting: RHB Javier Álvarez 0-0: Fly out, F8 (Line Drive, 8LM)
Bottom of the 2nd over - 0 run(s), 0 hit(s), 0 error(s), 0 left on base; Bishop Amat HS 1 - Maris School 0
TOP OF THE 3RD
Bishop Amat HS batting - Pitching for Maris School : RHP Hugh Hale
Batting: SHB José Ruíz 0-0: Called Strike
0-1: Ball
1-1: Foul Ball, location: 2F
1-2: Strikes out swinging
Batting: RHB Will David 0-0: Ball
1-0: Called Strike
1-1: Ground out 1-3 (Groundball, 13S)
Batting: RHB Bartolo Reyes 0-0: Called Strike
0-1: Ball
1-1: Foul Ball, location: 2F
1-2: Foul Ball, location: 2F
1-2: Ground out 5-3 (Groundball, 5)
Top of the 3rd over - 0 run(s), 0 hit(s), 0 error(s), 0 left on base; Bishop Amat HS 1 - Maris School 0
BOTTOM OF THE 3RD
Maris School batting - Pitching for Bishop Amat HS : RHP Broderick Bower
Batting: RHB John Scammell 0-0: Called Strike
0-1: Ball
1-1: Called Strike
1-2: Fly out, F9 (Flyball, 9M)
Batting: LHB Gary White 0-0: Ball
1-0: Foul Ball, location: 2F
1-1: Fly out, F7 (Line Drive, 78M)
Batting: RHB Joe Baker 0-0: Called Strike
0-1: SINGLE (Line Drive, 8RS)
Batting: RHB Jason Ward 0-0: Ball
1-0: Ground out 6-3 (Groundball, 6)
Bottom of the 3rd over - 0 run(s), 1 hit(s), 0 error(s), 1 left on base; Bishop Amat HS 1 - Maris School 0
TOP OF THE 4TH
Bishop Amat HS batting - Pitching for Maris School : RHP Hugh Hale
Batting: RHB Ryan Parrish 0-0: Swinging Strike
0-1: Ball
1-1: Ground out 5-3 (Groundball, 5)
Batting: RHB Clarence Harrison 0-0: Ball
1-0: SINGLE (Flyball, 89M)
Batting: SHB Jimmy Wilson 0-0: Ball
1-0: Called Strike
1-1: SINGLE (Flyball, 7S)
Clarence Harrison to second
Batting: RHB Jim Norris 0-0: Called Strike
0-1: Foul Ball, location: 2F
0-2: Ball
1-2: Foul Ball, location: 2F
1-2: Foul Ball, location: 2F
1-2: Foul Ball, location: 2F
1-2: Fielders Choice at 2nd, 2-6 (Groundball, 2L)
Clarence Harrison to third
Batting: RHB Javier Castillo 0-0: Ball
1-0: Called Strike
1-1: Fly out, F8 (Flyball, 89XD)
Top of the 4th over - 0 run(s), 2 hit(s), 0 error(s), 2 left on base; Bishop Amat HS 1 - Maris School 0
BOTTOM OF THE 4TH
Maris School batting - Pitching for Bishop Amat HS : RHP Broderick Bower
Batting: RHB James Everhart 0-0: Ball
1-0: Foul Ball, location: 2F
1-1: Ball
2-1: Swinging Strike
2-2: Ball
3-2: Base on Balls
Batting: LHB Al Gaines 0-0: Ball
1-0: Ball
2-0: Called Strike
2-1: SINGLE (Groundball, 34) (infield hit)
James Everhart to second
Batting: LHB Denny Poole 0-0: Swinging Strike
0-1: Ball
1-1: Called Strike
1-2: Strikes out looking
Batting: RHB Denis Miller 0-0: Called Strike
0-1: Ball
1-1: Ball
2-1: Ball
3-1: Base on Balls
James Everhart to third
Al Gaines to second
Batting: RHB Javier Álvarez 0-0: Called Strike
0-1: Fly out, F7 (Flyball, 7LM)
Batting: RHB John Scammell 0-0: Called Strike
0-1: Foul Ball, location: 2F
0-2: Foul Ball, location: 2F
0-2: Ball
1-2: Strikes out looking
Bottom of the 4th over - 0 run(s), 1 hit(s), 0 error(s), 3 left on base; Bishop Amat HS 1 - Maris School 0
TOP OF THE 5TH
Bishop Amat HS batting - Pitching for Maris School : RHP Hugh Hale
Batting: SHB Leonardo González 0-0: Called Strike
0-1: Ball
1-1: Foul Ball, location: 2F
1-2: Foul Ball, location: 2F
1-2: Fly out, F7 (Flyball, 78M)
Batting: SHB José Ruíz 0-0: Ball
1-0: Ball
2-0: Ball
3-0: Called Strike
3-1: Base on Balls
Batting: RHB Will David 0-0: 2-RUN HOME RUN (Flyball, 78XD), Distance : 437 ft
Batting: RHB Bartolo Reyes 0-0: Foul Ball, location: 2F
0-1: DOUBLE (Line Drive, 9M)
Batting: RHB Ryan Parrish 0-0: Ball
Bartolo Reyes steals 3rd base
1-0: Fly out, F7 (Flyball, 78S)
Batting: RHB Clarence Harrison 0-0: Ball
1-0: SINGLE (Groundball, 34D) (infield hit)
Bartolo Reyes scores
Batting: SHB Jimmy Wilson 0-0: Called Strike
0-1: Ball
Clarence Harrison steals 2nd base
1-1: Ball
2-1: SINGLE (Line Drive, 5L)
Clarence Harrison to third
Batting: RHB Jim Norris 0-0: Called Strike
0-1: Called Strike
0-2: Ball
1-2: Strikes out looking
Top of the 5th over - 3 run(s), 4 hit(s), 0 error(s), 2 left on base; Bishop Amat HS 4 - Maris School 0
BOTTOM OF THE 5TH
Maris School batting - Pitching for Bishop Amat HS : RHP Broderick Bower
Batting: LHB Gary White 0-0: Ground out 4-3 (Groundball, 4M)
Batting: RHB Joe Baker 0-0: DOUBLE (Flyball, 9LM)
Batting: RHB Jason Ward 0-0: Called Strike
0-1: Called Strike
0-2: SINGLE (Groundball, 5S)
Joe Baker to third
Batting: RHB James Everhart 0-0: Called Strike
0-1: Ball
Wild Pitch!
Joe Baker scores
Jason Ward to second
1-1: Foul Ball, location: 2F
1-2: Hit by Pitch
Batting: LHB Al Gaines 0-0: Ball
1-0: Ball
2-0: Called Strike
2-1: Swinging Strike
2-2: Strikes out looking
Batting: LHB Denny Poole 0-0: Swinging Strike
0-1: Foul Ball, location: 2F
0-2: Foul Ball, location: 2F
0-2: Ball
1-2: Ball
2-2: Strikes out swinging
Bottom of the 5th over - 1 run(s), 2 hit(s), 0 error(s), 2 left on base; Bishop Amat HS 4 - Maris School 1
TOP OF THE 6TH
Bishop Amat HS batting - Pitching for Maris School : RHP Hugh Hale
Batting: RHB Javier Castillo 0-0: SINGLE (Groundball, 56)
Pitching: LHP Brant Goff
Batting: SHB Leonardo González 0-0: Called Strike
0-1: Swinging Strike
0-2: Ball
1-2: Strikes out swinging
Batting: SHB José Ruíz 0-0: Ball
1-0: Swinging Strike
1-1: Foul Ball, location: 2F
1-2: SINGLE (Groundball, 6)
Javier Castillo to second
Batting: RHB Will David 0-0: Called Strike
0-1: Ball
1-1: Ball
2-1: Ball
3-1: Foul Ball, location: 2F
3-2: Foul Ball, location: 2F
3-2: Foul Ball, location: 2F
3-2: Strikes out swinging
Batting: RHB Bartolo Reyes 0-0: Fly out, F9 (Flyball, 89M)
Top of the 6th over - 0 run(s), 2 hit(s), 0 error(s), 2 left on base; Bishop Amat HS 4 - Maris School 1
BOTTOM OF THE 6TH
Maris School batting - Pitching for Bishop Amat HS : RHP Broderick Bower
Batting: RHB Denis Miller 0-0: Called Strike
0-1: Swinging Strike
0-2: Ball
1-2: Ball
2-2: SOLO HOME RUN (Flyball, 78XD), Distance : 432 ft
Pitching: RHP Kevin Godfrey
Batting: RHB Javier Álvarez 0-0: Ball
1-0: Ball
2-0: Called Strike
2-1: Called Strike
2-2: Strikes out looking
Batting: RHB John Scammell 0-0: SINGLE (Line Drive, 6MD)
Batting: LHB Gary White 0-0: 2-RUN HOME RUN (Flyball, 8RXD), Distance : 450 ft
Batting: RHB Joe Baker 0-0: SINGLE (Groundball, 4MD)
Batting: RHB Jason Ward 0-0: SINGLE (Groundball, 56)
Joe Baker to second
Batting: RHB James Everhart 0-0: Ball
1-0: Foul Ball, location: 2F
1-1: Foul Ball, location: 2F
1-2: Ball
2-2: SINGLE (Line Drive, 4M)
Joe Baker to third
Jason Ward to second
Batting: LHB Al Gaines 0-0: Swinging Strike
0-1: Foul Ball, location: 2F
0-2: Ball
1-2: Strikes out looking
Batting: LHB Denny Poole 0-0: Foul Ball, location: 2F
0-1: Foul Ball, location: 2F
0-2: Fly out, F9 (Line Drive, 9M)
Bottom of the 6th over - 3 run(s), 6 hit(s), 0 error(s), 3 left on base; Bishop Amat HS 4 - Maris School 4
TOP OF THE 7TH
Bishop Amat HS batting - Pitching for Maris School : LHP Brant Goff
Batting: RHB Ryan Parrish 0-0: Ball
1-0: Ball
2-0: Called Strike
2-1: Ball
3-1: Foul Ball, location: 2F
3-2: Foul Ball, location: 2F
3-2: Base on Balls
Batting: RHB Clarence Harrison 0-0: Called Strike
0-1: Foul Ball, location: 2F
0-2: Ball
1-2: Ball
2-2: Grounds into double play, 5-4-3 (Groundball, 56)
Pitching: RHP Denny Griffin
Batting: SHB Jimmy Wilson 0-0: Swinging Strike
0-1: Swinging Strike
0-2: Ball
1-2: Foul Ball, location: 2F
1-2: Strikes out looking
Top of the 7th over - 0 run(s), 0 hit(s), 0 error(s), 0 left on base; Bishop Amat HS 4 - Maris School 4
BOTTOM OF THE 7TH
Maris School batting - Pitching for Bishop Amat HS : RHP Kevin Godfrey
Batting: RHB Denis Miller 0-0: Called Strike
0-1: Reached on error, E5 (Groundball, 56S)
Batting: RHB Javier Álvarez 0-0: Swinging Strike
0-1: Ball
1-1: Called Strike
1-2: Foul Ball, location: 2F
1-2: Fly out, F8 (Flyball, 8LS)
Batting: RHB John Scammell 0-0: Called Strike
0-1: Ball
1-1: Called Strike
1-2: Ball
2-2: Strikes out looking
Pitching: RHP Valentín Pérez
Batting: LHB Gary White 0-0: Ball
1-0: Called Strike
1-1: Swinging Strike
1-2: Foul Ball, location: 2F
1-2: Foul Ball, location: 2F
1-2: Ball
2-2: Strikes out swinging
Bottom of the 7th over - 0 run(s), 0 hit(s), 1 error(s), 1 left on base; Bishop Amat HS 4 - Maris School 4
TOP OF THE 8TH
Bishop Amat HS batting - Pitching for Maris School : RHP Denny Griffin
Batting: RHB Jim Norris 0-0: Called Strike
0-1: Ball
1-1: Called Strike
1-2: Ball
2-2: Strikes out swinging
Batting: RHB Javier Castillo 0-0: Fly out, F5 (Line Drive, 56)
Batting: SHB Leonardo González 0-0: Ball
1-0: Called Strike
1-1: Swinging Strike
1-2: Strikes out swinging
Top of the 8th over - 0 run(s), 0 hit(s), 0 error(s), 0 left on base; Bishop Amat HS 4 - Maris School 4
BOTTOM OF THE 8TH
Maris School batting - Pitching for Bishop Amat HS : RHP Valentín Pérez
Batting: RHB Joe Baker 0-0: Called Strike
0-1: Ball
1-1: Ball
2-1: Ball
3-1: Foul Ball, location: 2F
3-2: Base on Balls
Batting: RHB Jason Ward 0-0: Called Strike
0-1: Foul Ball, location: 2F
0-2: Ball
1-2: Strikes out swinging
Batting: RHB James Everhart 0-0: Swinging Strike
0-1: Ball
1-1: Ground out 5-3 (Groundball, 5)
Joe Baker to second
Batting: LHB Al Gaines 0-0: Called Strike
0-1: Ball
1-1: DOUBLE (Line Drive, 9LM)
Joe Baker scores
Batting: LHB Denny Poole 0-0: Ball
1-0: Ball
2-0: Ball
3-0: Base on Balls
Batting: RHB Denis Miller 0-0: Ball
1-0: Foul Ball, location: 2F
1-1: Ball
2-1: Foul Ball, location: 2F
2-2: DOUBLE (Flyball, 89D)
Al Gaines scores
Denny Poole to third
Batting: RHB Javier Álvarez 0-0: Swinging Strike
0-1: Foul Ball, location: 2F
0-2: Foul Ball, location: 2F
0-2: Foul Ball, location: 2F
0-2: Ball
1-2: Foul Ball, location: 2F
1-2: Foul Ball, location: 2F
1-2: SINGLE (Line Drive, 56)
Denny Poole scores
Denis Miller to third
Throwing error, E7
Denis Miller scores
Javier Álvarez to second
Pitching: RHP John Rutherford
Batting: RHB John Scammell 0-0: Called Strike
0-1: Called Strike
0-2: Ball
1-2: Fly out, F4 (Line Drive, 4M)
Bottom of the 8th over - 4 run(s), 3 hit(s), 1 error(s), 1 left on base; Bishop Amat HS 4 - Maris School 8
TOP OF THE 9TH
Bishop Amat HS batting - Pitching for Maris School : RHP Denny Griffin
Batting: SHB José Ruíz 0-0: Ball
1-0: Ball
2-0: Called Strike
2-1: Ball
3-1: Swinging Strike
3-2: Strikes out swinging
Batting: RHB Will David 0-0: Called Strike
0-1: Ball
1-1: Called Strike
1-2: Ball
2-2: Foul Ball, location: 2F
2-2: DOUBLE (Line Drive, 7LS)
Batting: RHB Bartolo Reyes 0-0: Called Strike
0-1: Ball
1-1: Ball
2-1: Ball
3-1: Called Strike
3-2: Base on Balls
Pitching: RHP Steve Henry
Batting: RHB Ryan Parrish 0-0: Ball
1-0: Ball
2-0: Called Strike
2-1: Ball
3-1: Base on Balls
Will David to third
Bartolo Reyes to second
Batting: RHB Clarence Harrison 0-0: Ball
1-0: SINGLE (Groundball, 5D)
Will David scores
Bartolo Reyes to third
Ryan Parrish to second
Runner from 3rd tries for Home, SAFE, no throw or cutoff
Batting: SHB Jimmy Wilson 0-0: Called Strike
0-1: Hit by Pitch
Ryan Parrish to third
Clarence Harrison to second
Batting: RHB Jim Norris 0-0: Ball
1-0: Foul Ball, location: 2F
1-1: Foul Ball, location: 2F
1-2: Foul Ball, location: 2F
1-2: Strikes out swinging
Batting: RHB Javier Castillo 0-0: Called Strike
0-1: Ball
1-1: Foul Ball, location: 2F
1-2: Ball
2-2: Strikes out swinging
Top of the 9th over - 2 run(s), 2 hit(s), 0 error(s), 3 left on base; Bishop Amat HS 6 - Maris School 8
This league is powered by Out of the Park Baseball, the baseball management simulation game for PC, Mac and Linux
Wednesday, December 2nd, 2015 - OOTP Baseball 16.8 Build 38